 Dungeon Crawl Stone Soup version 0.25-a0-661-g55ea3d2053 (webtiles) character file.

Game seed: 3532773196566626061, levelgen mode: deterministic

11127 Eurus the Destroyer (level 11, -3/77 HPs)
             Began as a Mummy Conjurer on Mar 23, 2020.
             Was a Believer of Ashenzari.
             Slain by a six-headed hydra (12 damage)
             ... on level 2 of the Lair of Beasts.
             The game lasted 00:40:14 (17578 turns).

Eurus the Destroyer (Mummy Conjurer)               Turns: 17578, Time: 00:40:14

Health: -3/77      AC: 13    Str: 11    XL:     11   Next: 45%
Magic:  18/24      EV: 12    Int: 23    God:    Ashenzari [**....]
Gold:   662        SH:  5    Dex: 13    Spells: 22/29 levels left

rFire    x . .     SeeInvis .   m - +1 hand axe (venom)
rCold    + + .     Gourm    +   g - +0 buckler
rNeg     + + +     Faith    .   x - +2 leather armour {rC+} (curse)
rPois    ∞         Spirit   .   q - +0 helmet
rElec    +         Reflect  .   a - +2 cloak (curse)
rCorr    .         Harm     .   u - +1 pair of gloves of Wushri {rElec rN+} (curse)
MR       +....                  n - +0 pair of boots
Stlth    +++.......             v - amulet "Qoif" {Gourm rElec}
HPRegen  0.22/turn              e - ring of stealth
MPRegen  0.19/turn              z - +5 ring of intelligence

@: no status effects
A: no food or potions, fire vulnerability, cold resistance 1, negative energy
resistance 3, torment resistance, unbreathing
a: Curse Item, Scrying, Renounce Religion


You were on level 2 of the Lair of Beasts.
You worshipped Ashenzari.
Ashenzari was pleased with you.
You were not hungry.

You visited 3 branches of the dungeon, and saw 14 of its levels.

You collected 662 gold pieces.

Inventory:

Hand Weapons
 m - a +1 hand axe of venom (weapon)
Armour
 a - a cursed +2 cloak (worn)
 g - a +0 buckler (worn)
 n - a +0 pair of boots (worn)
 q - a +0 helmet (worn)
 t - a +0 tower shield of reflection
 u - the cursed +1 pair of gloves of Wushri (worn) {rElec rN+}
   (You found it on level 7 of the Dungeon)

   It insulates you from electricity.
   It protects you from negative energy.
   It has a curse placed upon it.
 w - a +1 robe of the Archmagi
 x - a cursed +2 leather armour of cold resistance (worn)
Jewellery
 e - a ring of stealth (left hand)
 v - the amulet "Qoif" (around neck) {Gourm rElec}
   (You found it on level 8 of the Dungeon)

   [amulet of the gourmand]

   It allows you to eat raw meat even when not hungry.
   It insulates you from electricity.
 z - a +5 ring of intelligence (right hand)
Wands
 h - a wand of random effects (33)
 p - a wand of flame (38)
 r - a wand of paralysis (15)
 s - a wand of iceblast (30)
 B - a wand of disintegration (11)
 C - a wand of acid (10)
Scrolls
 b - 7 scrolls of identify
 c - 6 scrolls of immolation
 d - 2 scrolls of enchant armour
 f - 7 scrolls of teleportation
 i - 2 scrolls of magic mapping
 j - 4 scrolls of enchant weapon
 k - 3 scrolls of amnesia
 l - a scroll of blinking
 o - 5 scrolls of remove curse
 y - a scroll of fog
 A - a scroll of holy word


   Skills:
 - Level 4.0 Fighting
 - Level 4.0 Armour
 - Level 1.5(2.6) Dodging
 - Level 1.5(2.6) Stealth
 + Level 6.3 Shields
 + Level 9.7 Spellcasting
 * Level 10.0 Conjurations
 + Level 5.5 Translocations


You had 22 spell levels left.
You knew the following spells:

 Your Spells              Type           Power        Failure   Level  Hunger
a - Magic Dart            Conj           ####         1%          1    N/A
b - Searing Ray           Conj           ######       1%          2    N/A
c - Iskenderun's Mystic   Conj/Tloc      #####...     3%          4    N/A

Your spell library contained the following spells:

 Spells                   Type           Power        Failure   Level  Hunger
 Dazzling Flash           Conj/Hex       ####..       2%          3    N/A
 Fulminant Prism          Conj/Hex       ####......   10%         4    N/A

Dungeon Overview and Level Annotations

Branches:
Dungeon (11/15)            Temple (1/1) D:5            Lair (2/6) D:8
  Swamp: Lair:2-4    Shoals: Lair:2-4     Snake: Lair:2-4    Spider: Lair:2-4
    Orc: D:9-12

Altars:
Ashenzari
Cheibriados
Dithmenos
Elyvilon
Fedhas
Gozag
Hepliaklqana
Kikubaaqudgha
Makhleb
Nemelex Xobeh
Okawaru
Qazlal
Ru
Sif Muna
Trog
Uskayaw
Vehumet
Wu Jian
Xom
Yredelemnul
Zin
The Shining One

Annotations:
D:10 exclusion: gargoyle


Innate Abilities, Weirdness & Mutations

You do not eat or drink.
Your flesh is vulnerable to fire.
You are immune to poison.
Your flesh is cold resistant. (rC+)
You are immune to negative energy. (rN+++)
You are immune to unholy pain and torment.
You can survive without breathing.


Message History

Aiming: Searing Ray (safe; 1% risk of failure)
Press: ? - help, Shift-Dir - straight line, f/p - six-headed hydra
Aim: a six-headed hydra (lightly wounded)
The searing ray hits the six-headed hydra!
The six-headed hydra is moderately wounded. (Press . to maintain the ray.)
The searing ray hits the six-headed hydra!
The six-headed hydra is heavily wounded.
The searing ray hits the six-headed hydra!
The six-headed hydra is heavily wounded.
The searing ray hits the six-headed hydra!
The six-headed hydra is severely wounded.
You finish channeling your searing ray.
The six-headed hydra bites you.
* * * LOW HITPOINT WARNING * * *
The six-headed hydra bites you.
* * * LOW HITPOINT WARNING * * *
The six-headed hydra bites you but does no damage.
You block the six-headed hydra's attack.
The six-headed hydra bites you!
You die...

#+..P#
##.#+.#
#...##
*
,#...##
###'##
* #...#
.....#
##.#
....!##
#.(#
......#
#..#
.....##
##.#
.....P#
#D#
......#
#@#
##'##P#
#..#
#..# ##
#..#
.!.# *
##.#
..## *
..# ..#
* ,
...*
.## * ,
... .##
, , *
,....*
* ..##
, , *


You could see a six-headed hydra.

Vanquished Creatures
  2 hydras
  A black mamba (Lair:1)
  A torpor snail (Lair:2)
  2 spiny frogs
  A rime drake (Lair:1)
  2 komodo dragons
  2 hornets (D:9)
  Prince Ribbit (D:6)
  5 hippogriffs
  Sigmund (D:2)
  A yak (D:8)
  3 basilisks
  Eustachio (D:4)
  A hungry ghost (D:8)
  2 soldier ants
  Edmund (D:4)
  2 ice beasts
  4 porcupines
  4 orc warriors
  A black bear (D:8)
  A phantom (D:6)
  2 ogres
  4 wolves (Lair:1)
  A centaur (D:10)
  7 crocodiles
  Blork the orc (D:6)
  A big kobold (D:8)
  7 bullfrogs
  A wyvern zombie (D:9)
  A water moccasin skeleton (D:5)
  4 scorpions
  6 killer bees (D:9)
  4 electric eels (D:10)
  2 centaur zombies
  3 crimson imps
  A quasit (D:8)
  7 orc priests
  5 hounds
  2 jellies
  10 orc wizards
  A centaur skeleton (D:7)
  Jessica (D:2)
  4 bullfrog skeletons
  2 iguanas
  2 worker ants
  A killer bee zombie (D:7)
  A hound zombie (D:10)
  10 adders
  3 shadow imps
  2 adder zombies
  6 worms
  5 dart slugs
  4 leopard geckos
  25 orcs
  3 giant cockroaches
  12 goblins
  6 hobgoblins
  12 jackals
  10 kobolds
  2 quokkas
  A ball python (D:3)
  8 bats
  6 frilled lizards
  2 leopard gecko skeletons
  16 rats
253 creatures vanquished.

Vanquished Creatures (others)
  3 fungi (Lair:2)
  3 plants
6 creatures vanquished.

Grand Total: 259 creatures vanquished

Notes
Turn   | Place    | Note
-------+----------+-------------------------------------------
     0 | D:1      | Eurus the Mummy Conjurer began the quest for the Orb.
     0 | D:1      | Reached XP level 1. HP: 13/13 MP: 4/4
   348 | D:1      | Reached XP level 2. HP: 15/19 MP: 0/6
   402 | D:1      | Learned a level 2 spell: Searing Ray
   770 | D:1      | Reached XP level 3. HP: 20/24 MP: 5/7
  1081 | D:1      | Reached skill level 4 in Conjurations
  1355 | D:2      | Noticed Jessica
  1839 | D:2      | Killed Jessica
  1839 | D:2      | Reached XP level 4. HP: 30/30 MP: 6/9
  2018 | D:2      | Noticed Sigmund
  2581 | D:2      | Reached skill level 1 in Shields
  2988 | D:3      | Reached XP level 5. HP: 35/35 MP: 4/11
  3468 | D:3      | Found a faded altar of an unknown god.
  3644 | D:4      | Noticed Eustachio
  3747 | D:4      | HP: 1/35 [orc wizard/puff of frost (2)]
  4177 | D:4      | Reached skill level 5 in Conjurations
  4177 | D:4      | Reached XP level 6. HP: 22/41 MP: 8/12
  5014 | D:4      | Noticed Edmund
  5086 | D:4      | Killed Edmund
  5086 | D:4      | Reached skill level 5 in Spellcasting
  5086 | D:4      | Reached XP level 7. HP: 27/46 MP: 2/14
  5583 | D:5      | Entered Level 5 of the Dungeon
  5775 | D:5      | Learned a level 4 spell: Iskenderun's Mystic Blast
  5782 | D:5      | Found a hide-covered altar of Uskayaw.
  6148 | D:5      | Reached skill level 6 in Conjurations
  6154 | D:5      | Found an ornate altar of the Wu Jian Council.
  6357 | D:5      | Found a staircase to the Ecumenical Temple.
  6366 | Temple   | Entered the Ecumenical Temple
  6564 | Temple   | Became a worshipper of Ashenzari the Shackled
  6910 | D:6      | Reached skill level 1 in Translocations
  6953 | D:6      | Found a sparkling altar of Nemelex Xobeh.
  7071 | D:6      | Reached skill level 1 in Armour
  7437 | D:6      | Noticed Prince Ribbit
  7458 | D:6      | Killed Prince Ribbit
  7458 | D:6      | Reached XP level 8. HP: 52/52 MP: 3/17
  7600 | D:6      | Noticed Blork the orc
  7610 | D:6      | Killed Blork the orc
  7868 | D:6      | Found a bloodstained altar of Trog.
  8356 | D:6      | Found a snail-covered altar of Cheibriados.
  8811 | D:7      | Reached skill level 7 in Conjurations
  8972 | D:7      | Got the uncursed pair of gloves of Wushri {rElec rN+}
  8978 | D:7      | Identified the +1 pair of gloves of Wushri {rElec rN+} (You
                  | found it on level 7 of the Dungeon)
  9726 | D:8      | Noticed a hippogriff
  9727 | D:8      | Reached XP level 9. HP: 55/57 MP: 10/19
 10673 | D:8      | Identified the amulet "Qoif" {Gourm rElec}
 10747 | D:8      | Reached * piety under Ashenzari
 10747 | D:8      | Found a staircase to the Lair.
 10760 | D:8      | Reached skill level 8 in Conjurations
 10908 | Lair:1   | Entered Level 1 of the Lair of Beasts
 10916 | Lair:1   | Noticed a spiny frog
 10920 | Lair:1   | Noticed a black mamba
 10928 | D:8      | Killed a spiny frog
 11125 | Lair:1   | Killed a black mamba
 11125 | Lair:1   | Reached skill level 1 in Fighting
 11125 | Lair:1   | Reached XP level 10. HP: 35/65 MP: 12/22
 11372 | Lair:1   | Reached skill level 5 in Shields
 11439 | Lair:1   | Noticed a spiny frog
 11466 | Lair:1   | Killed a spiny frog
 11673 | Lair:1   | Noticed a seven-headed hydra
 12878 | D:10     | Entered Level 10 of the Dungeon
 13177 | D:2      | Killed Sigmund
 13177 | D:2      | Reached skill level 9 in Conjurations
 13278 | D:4      | Killed Eustachio
 14664 | D:10     | Noticed a gargoyle
 15291 | D:11     | Noticed a purple ugly thing
 15410 | D:11     | Reached XP level 11. HP: 54/75 MP: 15/24
 15425 | D:11     | Reached skill level 5 in Translocations
 16182 | Lair:1   | Killed a seven-headed hydra
 16258 | Lair:2   | Noticed a death yak
 16258 | Lair:2   | Noticed a death yak
 16343 | Lair:2   | Reached ** piety under Ashenzari
 17313 | Lair:2   | Noticed a five-headed hydra
 17314 | Lair:2   | Noticed a six-headed hydra
 17346 | Lair:2   | Killed a five-headed hydra
 17346 | Lair:2   | Reached skill level 10 in Conjurations
 17578 | Lair:2   | Slain by a six-headed hydra

Levels and vault maps discovered:
D:1:      eino_arrival_druids_welcome, layout_loops_ring,
          minmay_misc_feat_encased
D:2:      minmay_skewed_foursquare, layout_loops_ring, uniq_sigmund,
          uniq_jessica
D:3:      layout_loops_ring, chequers_ecumenical_altar_island,
          minmay_misc_feat_cross, kennysheep_generic_room_14
D:4:      layout_loops_cross, uniq_edmund, uniq_eustachio
D:5:      layout_cave_pools, eat_drink_and_be_merry_uskayaw,
          minmay_temple_entry_nine_rooms, basic_altar, first_ration,
          minmay_lizard_king
D:6:      layout_cave_pods, lemuel_round_altar, cheibrodos_worm_habitat,
          nemelex_xobeh_ov_fountains_minmay, uniq_prince_ribbit1,
          uniq_blork_the_orc
D:7:      layout_basic
D:8:      layout_basic, david_lair_generic
D:9:      layout_small_grid, hangedman_pestilent_swarm, feat_on_display
D:10:     layout_basic, erik_orc_1
D:11:     layout_roguey, uniq_nergalle
Temple:   eino_narrow_crystal_temple
Lair:1:   layout_cave_shapes
Lair:2:   layout_roguey, serial_bayou_shore_b

Skill      XL: |  1  2  3  4  5  6  7  8  9 10 11 |
---------------+----------------------------------+-----
Spellcasting   | 3 4 5 6 8 9 |  9.7
Conjurations   | 4 5 6 7 8 9 10 | 10.0
Shields        | 1 2 3 4 5 6 |  6.3
Translocations | 1 2 4 5 |  5.5
Armour         | 1 2 3 4 |  4.0
Fighting       | 1 3 4 |  4.0
Dodging        | |  1.5
Stealth        | |  1.5

Action                   |  1- 3 |  4- 6 |  7- 9 | 10-12 || total
-------------------------+-------+-------+-------+-------++-------
Melee: Unarmed           |    16 |       |       |       ||    16
       Dagger            |    42 |    51 |    10 |       ||   103
       Short sword       |       |       |     2 |     2 ||     4
       Hand axe          |       |       |       |     1 ||     1
 Cast: Magic Dart        |    51 |    54 |    34 |    48 ||   187
       Searing Ray       |     7 |    22 |    87 |    88 ||   204
       Iskenderun's Myst |       |       |       |     3 ||     3
Invok: Curse Item        |       |       |     1 |     2 ||     3
  Use: Scroll            |       |       |     9 |     4 ||    13
 Stab: Sleeping          |     2 |     1 |       |       ||     3
Armor: Robe              |     9 |    10 |     3 |       ||    22
       Leather armour    |       |       |    25 |    52 ||    77
Dodge: Dodged            |    40 |    47 |    56 |    60 ||   203
Block: Buckler           |       |     8 |    20 |    36 ||    64

Table legend:
 A = Non-vault XP
 B = Vault XP
 C = Vault XP percentage of total XP
 D = Non-vault monster count
 E = Vault monster count
 F = Vault count percentage of total count
                 A         B        C        D         E       F
            +---------+---------+-------+---------+---------+-------
      Total |   13355 |    2542 |  16.0 |     228 |      25 |   9.9
            +---------+---------+-------+---------+---------+-------
        D:1 |      63 |       0 |   0.0 |      34 |       0 |   0.0
        D:2 |      74 |     273 |  78.7 |      27 |       7 |  20.6
        D:3 |      46 |       0 |   0.0 |      13 |       0 |   0.0
        D:4 |     411 |     346 |  45.7 |      24 |       2 |   7.7
        D:5 |     190 |      45 |  19.1 |       6 |       6 |  50.0
        D:6 |     740 |     370 |  33.3 |      18 |       3 |  14.3
        D:7 |     508 |       0 |   0.0 |      12 |       0 |   0.0
        D:8 |    1853 |     813 |  30.5 |      20 |       4 |  16.7
        D:9 |    1203 |     695 |  36.6 |      21 |       3 |  12.5
       D:10 |    1360 |       0 |   0.0 |      18 |       0 |   0.0
       D:11 |     408 |       0 |   0.0 |       9 |       0 |   0.0
     Lair:1 |    3793 |       0 |   0.0 |      17 |       0 |   0.0
     Lair:2 |    2706 |       0 |   0.0 |       9 |       0 |   0.0
            +---------+---------+-------+---------+---------+-------
